[Event "Reykjavik Open 2025"]
[Site "Reykjavik"]
[Date "2025.04.10"]
[Round "2.9"]
[White "Gorshtein, Ido"]
[Black "Bhagat Kush"]
[Result "1-0"]
[Annotator "TA"]
[ECO "E93"]
[WhiteElo "2557"]
[BlackElo "2301"]
[PlyCount "109"]
[EventDate "2025.04.09"]
[EventType "swiss"]
[EventCountry "ISL"]
[SourceTitle "playchess.com"]
[Source "ChessBase"]
[SourceQuality "1"]
[TimeControl "40/5400+30:1800+30"]

1. d4 Nf6 2. c4 g6 3. Nc3 Bg7 4. e4 d6 5. h3 O-O 6. Be3 Nbd7 7. Qc2 e5 8. d5 a5 9. Nf3 Nc5 10. Be2 Nh5 11. Bxc5 dxc5 12. O-O-O Nf4 {[%emt 0:09:44] White is slightly better.} 13. Bf1 f5 14. Kb1 Qe7 15. Nd2 Ra6 16. h4 Bd7 17. Re1 Nh5 18. Be2 f4 19. Nb5 Bc8 20. Nc3 Bd7 $1 21. Nf3 h6 22. Reg1 Raf6 23. Ne1 b6 24. Qd1 Qf7 25. Bg4 Rd6 26. Nd3 Re8 (26... Bxg4 $142 27. Qxg4 Qe7) 27. Bxd7 (27. Bxh5 $142 gxh5 28. g3) 27... Rxd7 28. g4 fxg3 29. fxg3 Rf8 30. g4 Nf4 31. g5 {[%emt 0:08:14] [#] aiming for gxh6.} Nxd3 ({Better is} 31... h5 $14) 32. Qxd3 $16 h5 33. Qh3 $36 {[%emt 0:05:15][%mdl 2048] White is pushing.} Qe8 {[%emt 0:01:00] [#]} 34. Rf1 (34. Qe6+ $1 $16 Qxe6 35. dxe6) 34... Rxf1+ (34... Rf4 $1 $14) 35. Rxf1 Rf7 $2 {[%emt 0:00:04][%mdl 8192] Black is weak on the light squares. A mistake that costs the game.} (35... Re7 $16 36. Rd1 Qd8) 36. Rxf7 $18 Qxf7 {[%emt 0:00:20][%mdl 4096] Endgame KQB-KQN} 37. Qe6 ({Not} 37. Qc8+ Kh7 $16) 37... Bf8 38. Qxf7+ (38. Qxe5 Bd6 (38... Bg7 39. Qe6 $17) 39. Qe6 Qxe6 40. dxe6 Bg3 $19) 38... Kxf7 {[%emt 0:00:02] KB-KN} 39. Nb5 Be7 40. Kc2 (40. Nxc7 $2 Bxg5 41. Kc2 (41. hxg5 $2 {too greedy.} h4 $19) 41... Bxh4 $19) 40... Bd8 41. Kd3 Ke8 42. Na7 Be7 43. Nc6 Bd6 44. Kc2 a4 45. a3 Kd7 46. b3 Kc8 47. bxa4 Kb7 48. Kb2 Ka6 49. Kb3 Kb7 50. a5 bxa5 51. Nxa5+ {[%emt 0:00:00] White mates.} Ka6 52. Nc6 Kb6 53. a4 Ka6 54. a5 Kb7 55. Ka3 {[%emt 0:00:00] Weighted Error Value: White=0.12 (very precise) /Black=0.63  Loses game:     	---       	Black=1      Mistake:       	White=2     	Black=3      Inaccurate:     	White=1     	Black=6      OK:         	White=14    	Black=11     Best:        	White=5     	Black=2      Strong:       	---       	Black=1} 1-0

[Event "Reykjavik Open 2025"]
[Site "Reykjavik"]
[Date "2025.04.10"]
[Round "2.10"]
[White "Llari, Marc"]
[Black "Maze, Sebastien"]
[Result "1/2-1/2"]
[Annotator "TA"]
[ECO "B15"]
[WhiteElo "2299"]
[BlackElo "2557"]
[PlyCount "56"]
[EventDate "2025.04.09"]
[EventType "swiss"]
[EventCountry "ISL"]
[SourceTitle "playchess.com"]
[Source "ChessBase"]
[SourceQuality "1"]
[TimeControl "40/5400+30:1800+30"]

1. e4 c6 2. d4 d5 3. Nc3 dxe4 4. Nxe4 Nf6 5. Nxf6+ exf6 6. c3 Bd6 7. Bd3 O-O 8. Ne2 Re8 9. O-O {[%emt 0:00:12] B15: Caro-Kann: 3 Nc3: 3...g6 and 3...dxe4 4 Nxe4 Nf6 5 Nxf6+ exf6.} Nd7 10. Ng3 $1 {[%emt 0:00:23] The main line 10.Ng3 scores better than 10.Bf4.} g6 11. Ne4 {[%emt 0:04:19] White has an edge.} Bc7 $146 (11... Be7 12. Re1 Nf8 13. Bh6 Ne6 14. Bc4 Bd7 15. b4 b6 16. d5 cxd5 17. Qxd5 Qc7 {½-½ Yu,Y (2735)-Keymer,V (2690) Biel Rapid 56th 2023 (4)}) 12. Re1 Re7 13. g3 f5 14. Ng5 Nf6 15. Rxe7 Qxe7 16. Qe2 Qxe2 17. Bxe2 Bd7 18. Bc4 Nd5 19. Bd2 f6 20. Nf3 Be6 21. Ne1 Bf7 22. Nd3 Rd8 23. Re1 Bd6 24. h4 Kg7 25. Bb3 Rd7 26. Bc2 h6 27. a4 a5 {[%emt 0:08:38] [#]} 28. h5 $1 f4 {[%emt 0:05:32] Weighted Error Value: White=0.07 (flawless) /Black=0.07 (flawless)   Inaccurate:     	White=2     	Black=2      OK:         	White=9     	Black=6} (28... g5 29. Nc5) 1/2-1/2

[Event "Reykjavik Open 2025"]
[Site "Reykjavik"]
[Date "2025.04.10"]
[Round "2.11"]
[White "Adhiban, B.."]
[Black "Golis, Wiktor"]
[Result "1-0"]
[Annotator "TA"]
[ECO "D55"]
[WhiteElo "2554"]
[BlackElo "2293"]
[PlyCount "51"]
[EventDate "2025.04.09"]
[EventType "swiss"]
[EventCountry "ISL"]
[SourceTitle "playchess.com"]
[Source "ChessBase"]
[SourceQuality "1"]
[TimeControl "40/5400+30:1800+30"]

1. c4 e6 2. Nc3 d5 3. d4 Nf6 4. Bg5 Be7 5. e3 O-O 6. Nf3 Nbd7 7. Qc2 b6 8. cxd5 exd5 9. Bd3 Bb7 10. O-O h6 11. Bf4 c5 {[%emt 0:04:23][%cal Bc7c5,Bc5c4][%mdl 32] D55: Queen's Gambit Declined: 4 Bg5 Be7: Lines without ...h6 and 6...h6 7 Bxf6.} 12. Rfd1 c4 13. Bf5 a6 {[%emt 0:08:12] [#] White is slightly better.} 14. a4 $1 Ne8 $146 (14... Bb4 $14) (14... Re8 15. Ne5 Bb4 16. Nxd7 Nxd7 17. e4 Bxc3 18. bxc3 dxe4 19. Rab1 Nf6 20. Be5 e3 21. fxe3 {0-1 Orzech,D (2313)-Tarasova,V (2226) Titled Tuesday intern op 29th Nov Early blitz 2022 (7)}) 15. b3 $16 Bd6 16. Ne5 Ndf6 17. bxc4 {[%emt 0:02:22] White has more active pieces.} dxc4 18. Rab1 Nh5 (18... Rb8 {was necessary.} 19. Bg3 (19. Nxc4 Bxf4 20. exf4 Nd6 $16) 19... Qc7) 19. Bg3 $18 ({Much less strong is} 19. Nxc4 $6 Bxf4 20. exf4 (20. Rxb6 Qc7 $16) 20... Nxf4) 19... Nxg3 20. hxg3 ({Less strong is} 20. fxg3 g6 $16) 20... Bc7 21. Nd7 Nd6 22. Nxf8 Kxf8 23. Bg4 Qg5 24. Bf3 {[%emt 0:01:39] White is winning.} Bxf3 25. gxf3 b5 26. f4 {[%emt 0:03:01] Black did not feel at home in the position after the opening.   Weighted Error Value: White=0.00 (flawless) /Black=0.29 (precise)   Mistake:       	---       	Black=2      Inaccurate:     	---       	Black=1      OK:         	White=11    	Black=3      Strong:       	White=1     	---} 1-0

[Event "Reykjavik Open 2025"]
[Site "Reykjavik"]
[Date "2025.04.10"]
[Round "2.12"]
[White "Amar, Elham"]
[Black "Schouten, Mathias Lind"]
[Result "1-0"]
[Annotator "TA"]
[ECO "B40"]
[WhiteElo "2546"]
[BlackElo "2279"]
[PlyCount "93"]
[EventDate "2025.04.09"]
[EventType "swiss"]
[EventCountry "ISL"]
[SourceTitle "playchess.com"]
[Source "ChessBase"]
[SourceQuality "1"]
[TimeControl "40/5400+30:1800+30"]

1. e4 c5 2. Nf3 e6 3. c3 d5 4. e5 d4 5. Na3 Nc6 6. Bd3 {[%emt 0:00:32] B40: Sicilian: 2...e6, Unusual lines.} f5 7. exf6 Nxf6 8. O-O {[%emt 0:02:23] The position is equal.} Bd6 9. Bb5 $146 (9. Nc4 O-O 10. Nxd6 Qxd6 11. b4 dxc3 12. dxc3 Rd8 13. Be2 Qxd1 14. Bxd1 cxb4 15. cxb4 Nxb4 {½-½ Ligon,S (2278)-Perevozchikov,V (2279) FICGS rapid M 000135 email 2022 (1)}) 9... O-O 10. Bxc6 (10. Nc4 $14) 10... bxc6 $11 11. d3 Nd5 12. Bd2 Bf4 13. cxd4 cxd4 14. Nc4 c5 15. g3 Bb7 16. Qe2 (16. gxf4 $2 Nxf4 17. Bxf4 Rxf4 $19) 16... Bxd2 (16... Qf6 $5) 17. Nfxd2 {[%emt 0:01:31] A sharp opening} Nb4 18. a3 Qd5 19. f3 $1 Nc6 20. Rac1 Nb8 21. Ne5 Na6 22. Ndc4 Rae8 23. Nd2 ({White should play} 23. Rfe1 $14) 23... Re7 (23... Ra8 $1 $11) 24. Nec4 Nb8 25. Ne4 Nd7 26. Rc2 Ba6 27. f4 Rb8 ({Black should try} 27... e5 $1 $11) 28. Rfc1 Rb3 (28... h6 $14) 29. Ned2 $2 {[%emt 0:03:25] A dynamic duo of knights.} (29. Ne5 $1 $18 ) 29... Rb8 $1 30. Ne4 $2 (30. Ne5 $11) 30... Rb3 $18 {[%emt 0:00:05] [#]} 31. Ned2 $2 (31. Ne5 $1 $18 ) 31... Rb8 $11 32. Qe4 Bb7 33. Na5 Ba8 34. Qxd5 exd5 (34... Bxd5 $11 35. Ndc4 h5 (35... e5 36. Nxe5 Nxe5 37. fxe5 $17)) 35. Ndb3 $36 {[%emt 0:00:56][%mdl 2048] White has strong initiative.} Kf7 36. Nxc5 Nxc5 37. Rxc5 Rxb2 {[%emt 0:00:05] [#]} 38. Rc7 $1 Rd2 $2 (38... Rb6 $16) 39. Rxe7+ $18 Kxe7 40. Rc8 Rxd3 41. Rxa8 {[%emt 0:30:03][%mdl 4096] Endgame KRN-KR} Ke6 42. Nc6 Kd6 43. Nxa7 Kc5 44. a4 Rb3 $2 (44... Rd1+ 45. Kf2 Rd2+ 46. Kf3 Rxh2) 45. Rc8+ {[%emt 0:00:00] White is clearly winning.} Kb4 46. Nc6+ Kxa4 47. Ra8+ {[%emt 0:00:00] Weighted Error Value: White=0.21 (precise) /Black=0.49  Loses game:     	---       	Black=1      Missed win:     	White=2     	---        Mistake:       	White=3     	Black=5      Inaccurate:     	White=4     	Black=5      OK:         	White=11    	Black=13     Best:        	White=2     	Black=2      Strong:       	White=2     	Black=1} 1-0

[Event "Reykjavik Open 2025"]
[Site "Reykjavik"]
[Date "2025.04.10"]
[Round "2.13"]
[White "Stefansson, Vignir Vatnar"]
[Black "Nayak Rajesh"]
[Result "1-0"]
[Annotator "TA"]
[ECO "E04"]
[WhiteElo "2536"]
[BlackElo "2277"]
[PlyCount "89"]
[EventDate "2025.04.09"]
[EventType "swiss"]
[EventCountry "ISL"]
[SourceTitle "playchess.com"]
[Source "ChessBase"]
[SourceQuality "1"]
[TimeControl "40/5400+30:1800+30"]

1. d4 Nf6 2. c4 e6 3. Nf3 d5 4. g3 dxc4 5. Bg2 Nbd7 6. O-O c6 7. a4 b6 {[%emt 0:03:48] E04: Open Catalan: 5 Nf3.} 8. Nc3 Nd5 9. e4 Nxc3 $146 {[%emt 0:02:01] The position is equal.} (9... Nb4 10. d5 Bc5 11. Qe2 e5 12. dxc6 Nxc6 13. Qxc4 h6 14. a5 Nxa5 15. Qa4 O-O {1-0 Van Foreest,J (2664)-Albornoz Cabrera,C (2610) FRA-chT Top 16 GpA 2024 (7.10)}) 10. bxc3 Be7 11. e5 {[%emt 0:07:31][%mdl 1024] White has compensation.} Ba6 12. h4 Rc8 13. Ng5 {[%emt 0:00:27] White sacrificed a pawn} h6 14. Ne4 c5 15. Qg4 {[%emt 0:02:39] White has more active pieces. The black rooks are passive.} Kf8 16. Be3 $36 {[%emt 0:03:01][%mdl 2048] White has good play.} cxd4 17. Bxd4 Nc5 $2 (17... Bb7 $11 {and Black stays safe.}) 18. Bxc5 $1 $18 Bxc5 (18... bxc5 $142 19. Rfd1 Qc7) 19. Rfd1 Qe7 20. Rd2 Rd8 21. Rxd8+ Qxd8 22. Rd1 Qe7 23. Nxc5 bxc5 24. Qe4 {[%emt 0:07:00] Intending Qa8+ and mate.} Qc7 25. Rd6 Bc8 26. Rc6 (26. Qxc4 g5 27. Rc6 Qd7 28. Qxc5+ Kg7) 26... Qd8 27. Qxc4 (27. Rxc5 g5 28. Rxc4 (28. Qxc4 Kg7 $18) 28... Kg7) 27... g5 28. Qxc5+ Kg7 29. Qd6 $2 (29. Qxa7 gxh4 30. Rd6 Qg5 $18) (29. Rd6 $18 {is the precise move to win.} Qe7 30. hxg5) 29... gxh4 {[%emt 0:06:49] [#]} (29... Bb7 $142 30. Rc7 Bxg2 31. Kxg2 Qa8+ 32. Qc6 Qxc6+ 33. Rxc6 gxh4) 30. Qxd8 (30. Rc4 $1 $16 {[%cal Rc4g4] Rg4+ is the strong threat.} Qxd6 31. exd6) 30... Rxd8 $14 31. gxh4 $16 {[%emt 0:00:08][%mdl 4096] Endgame KRB-KRB. White is a pawn up.} Rd1+ 32. Kh2 Bb7 33. Rc7 Bxg2 34. Kxg2 $14 {[%emt 0:00:03] KR-KR. White is a pawn up.} Rd5 35. Rxa7 Rxe5 36. Rc7 Re4 {[%emt 0:02:02] [#]} 37. c4 $1 Rxh4 $2 (37... Re2 $16) 38. a5 $18 Kf6 39. a6 Rg4+ 40. Kh3 Rg1 41. a7 Ra1 42. c5 Ke5 43. Rd7 {[%emt 0:00:16] White mates.} (43. Rxf7 Kd5 44. Re7 (44. Rc7 e5 $18) 44... Kxc5 $16) 43... f5 44. c6 Kf4 45. Kg2 {[%emt 0:00:35] Weighted Error Value: White=0.13 (very precise) /Black=0.91  Loses game:     	---       	Black=2      Missed win:     	White=1     	---        Mistake:       	White=1     	Black=2      Inaccurate:     	White=1     	Black=4      OK:         	White=17    	Black=9      Best:        	White=2     	Black=4      Strong:       	White=2     	---} 1-0

[Event "Reykjavik Open 2025"]
[Site "Reykjavik"]
[Date "2025.04.10"]
[Round "2.14"]
[White "Ronka, Erik"]
[Black "Kadric, Denis"]
[Result "1/2-1/2"]
[Annotator "TA"]
[ECO "B07"]
[WhiteElo "2295"]
[BlackElo "2533"]
[PlyCount "45"]
[EventDate "2025.04.09"]
[EventType "swiss"]
[EventCountry "ISL"]
[SourceTitle "playchess.com"]
[Source "ChessBase"]
[SourceQuality "1"]
[TimeControl "40/5400+30:1800+30"]

1. e4 d6 2. d4 Nf6 3. Nc3 e5 4. dxe5 dxe5 5. Qxd8+ Kxd8 6. Bg5 Nbd7 7. O-O-O c6 8. Bc4 Ke8 9. Nf3 {[%emt 0:01:11] B07: Pirc Defence: Miscellaneous Systems.} Bb4 10. a3 $146 (10. Bh4 Ba5 11. Ng5 Rf8 12. f4 Bc7 13. Nf3 Ng4 14. Rhe1 exf4 15. e5 Ne3 16. e6 fxe6 17. Bxe6 Ne5 18. Bb3 Nxf3 19. gxf3 {½-½ Gaponenko,I (2343)-Stojanovski,D (2407) EU-ch Rapid Skopje 2024 (5)}) 10... Ba5 11. h3 {[%emt 0:05:22] White is slightly better.} b5 {[%emt 0:05:55] [#]} 12. Nxb5 cxb5 $15 13. Bxb5 Bc7 (13... Nxe4 $2 {perishes.} 14. Be3 Rb8 15. Bc6 $18) (13... Rb8 {seems wilder.} 14. Ba4 Ke7 15. Bxd7 Bxd7 16. Nxe5 Bb5) 14. Bxf6 $1 {[%emt 0:18:33] The position is equal.} gxf6 15. Nh4 $1 Rb8 16. Ba4 Rb6 $1 17. Nf5 Ra6 18. Bb5 Ra5 19. Bc6 Ra6 (19... Rc5 $5 20. Ba4 $8 Ra5 $11) 20. Bb5 Ra5 21. Bc6 Ra6 (21... Rc5 $5 22. Ba4 $8 Ra5 23. Bc6 $11) 22. Bb5 {[%emt 0:01:28][%cal Od1d7] and Rxd7! should not be overlooked} Ra5 23. Bc6 {[%emt 0:00:36] Weighted Error Value: White=0.10 (very precise) /Black=0.06 (flawless)   Mistake:       	White=1     	---        Inaccurate:     	---       	Black=1      OK:         	White=8     	Black=6      Best:        	---       	Black=1      Strong:       	White=2     	Black=1} 1/2-1/2

[Event "Reykjavik Open 2025"]
[Site "Reykjavik"]
[Date "2025.04.10"]
[Round "2.15"]
[White "Papp, Gabor"]
[Black "Nissinen, Niilo Man"]
[Result "1/2-1/2"]
[Annotator "TA"]
[ECO "B31"]
[WhiteElo "2502"]
[BlackElo "2268"]
[PlyCount "91"]
[EventDate "2025.04.09"]
[EventType "swiss"]
[EventCountry "ISL"]
[SourceTitle "playchess.com"]
[Source "ChessBase"]
[SourceQuality "1"]
[TimeControl "40/5400+30:1800+30"]

1. e4 c5 2. Nf3 Nc6 3. Bb5 g6 4. O-O Bg7 5. Bxc6 dxc6 6. d3 Nf6 7. Re1 O-O {[%emt 0:00:32] B31: Sicilian: 2...Nc6 3 Bb5 g6.} 8. a4 a5 9. Nbd2 Ne8 10. e5 Nc7 11. b3 Bf5 $146 (11... b6 12. Bb2 Ne6 13. Nc4 h6 14. Bc3 Ra7 15. Qe2 Qc7 16. Qe4 b5 17. Ncd2 Qb6 {½-½ Booij,R (2325)-Reichgeld,M (2216) W-ch WS/M/785 email 2020}) 12. Bb2 Qd7 13. Nc4 Nd5 {[%emt 0:01:35] Repels Nb6} 14. Ng5 (14. Ne3 {simplifies} Nxe3 15. Rxe3 Bh6 16. Re1) 14... Be6 15. Qf3 h6 16. Nxe6 Qxe6 17. Re2 Rfd8 18. h4 b6 19. h5 g5 20. g3 {[%emt 0:03:29] White is more active.} Ra7 (20... b5 $14) 21. Kh2 Rad7 (21... b5 $14 {feels stronger.}) 22. Qe4 {[%emt 0:03:05][%csl Oc4] Strong Square White (c4)} Kh8 23. Rg1 (23. Ne3 $16) 23... b5 $14 24. Nd2 (24. Nxa5 Ra7 25. Nxc6 Qxc6 26. axb5 Qe8 $17 (26... Qxb5 27. c4 $15)) 24... Nb6 {[%emt 0:04:09] [#]} ({Better is} 24... Nb4 $14) 25. axb5 ({White should try} 25. f4 $1 $16) 25... cxb5 26. f4 $1 c4 27. f5 Qd5 28. dxc4 bxc4 29. Qxd5 Rxd5 {[%emt 0:00:07] The position is equal.} 30. Nxc4 Nxc4 31. bxc4 Rc5 32. f6 exf6 33. exf6 Bf8 34. Re4 Rdc8 35. Rd1 Rxc4 36. Rxc4 Rxc4 $11 {[%emt 0:00:04][%mdl 4096] Endgame KRB-KRB} 37. Rd8 Rxc2+ 38. Kh3 Rxb2 39. Rxf8+ {[%emt 0:00:04] KR-KR. Black is a pawn up.} Kh7 40. Rxf7+ Kg8 41. Rg7+ Kh8 42. Rg6 $1 Kh7 43. Rg7+ Kh8 44. Ra7 {[%emt 0:00:00] [#] Intending Ra8+ and mate.} Rf2 45. Rxa5 Rxf6 46. Kg4 {[%emt 0:00:00] Weighted Error Value: White=0.13 (very precise) /Black=0.15 (very precise)   Mistake:       	White=2     	Black=3      Inaccurate:     	White=5     	Black=3      OK:         	White=9     	Black=15     Best:        	---       	Black=1      Strong:       	White=2     	---} 1/2-1/2

[Event "Reykjavik Open 2025"]
[Site "Reykjavik"]
[Date "2025.04.10"]
[Round "2.16"]
[White "Xu, Yuanyuan"]
[Black "Zierk, Steven"]
[Result "1/2-1/2"]
[Annotator "TA"]
[ECO "E46"]
[WhiteElo "2288"]
[BlackElo "2501"]
[PlyCount "58"]
[EventDate "2025.04.09"]
[EventType "swiss"]
[EventCountry "ISL"]
[SourceTitle "playchess.com"]
[Source "ChessBase"]
[SourceQuality "1"]
[TimeControl "40/5400+30:1800+30"]

1. d4 Nf6 2. c4 e6 3. Nc3 Bb4 4. e3 O-O 5. Nge2 c6 6. a3 {[%emt 0:01:43] E46: Nimzo-Indian: Rubinstein: 4 e3 0-0 5 Ne2 without early Bd3.} Ba5 7. b4 Bc7 8. e4 {[%emt 0:01:01] The position is equal.} d5 9. e5 Nfd7 $1 {[%emt 0:00:11] 9...Nfd7 is better than 9...Ne8.} 10. Nf4 a5 {[%emt 0:02:53] [#]} 11. Rb1 axb4 12. axb4 c5 13. bxc5 Ba5 14. Bd2 dxc4 15. Nb5 Nc6 {[%emt 0:03:52][%cal Oc6d4] And now ...Nxd4! would win.} 16. Bxa5 $146 (16. Be2 Nxd4 17. Nxd4 c3 18. O-O cxd2 19. Nfxe6 fxe6 20. Nxe6 Qe7 21. Nxf8 Kxf8 22. Qc2 Qxe5 {0-1 Hak,D (2281)-Audi,A (2381) Ceske Budejovice IM 2024 (2)}) 16... Qxa5+ 17. Qd2 Rd8 ({Black should try} 17... Qxd2+ $15 18. Kxd2 b6 19. Bxc4 bxc5 20. dxc5 Ncxe5) 18. Qxa5 $1 $11 (18. Bxc4 $2 {perishes.} Qxd2+ 19. Kxd2 Ndxe5 $19) 18... Rxa5 19. Bxc4 Ra4 20. Bb3 $36 {[%emt 0:08:07][%mdl 2048] White is more active.} Ra5 21. Bc2 Rxb5 22. Rxb5 $16 Nxd4 23. Rb2 Nxe5 24. O-O Nc4 {[%emt 0:02:54] [#]} 25. Ra2 e5 26. Bd3 $1 b5 27. cxb6 Nxb6 {[%emt 0:00:11] White is better.} 28. Rb1 exf4 29. Rxb6 f3 {[%emt 0:12:48] Weighted Error Value: White=0.05 (flawless) /Black=0.14 (very precise)   Mistake:       	---       	Black=2      Inaccurate:     	White=1     	---        OK:         	White=15    	Black=12     Best:        	White=1     	Black=1      Strong:       	White=2     	---} 1/2-1/2

[Event "Reykjavik Open 2025"]
[Site "Reykjavik"]
[Date "2025.04.10"]
[Round "2.17"]
[White "Le Goff, Ronan"]
[Black "Draskovic, Luka"]
[Result "0-1"]
[Annotator "TA"]
[ECO "D11"]
[WhiteElo "2282"]
[BlackElo "2488"]
[PlyCount "82"]
[EventDate "2025.04.09"]
[EventType "swiss"]
[EventCountry "ISL"]
[SourceTitle "playchess.com"]
[Source "ChessBase"]
[SourceQuality "1"]
[TimeControl "40/5400+30:1800+30"]

1. Nf3 d5 2. d4 Nf6 3. g3 Bf5 4. c4 e6 5. Nc3 h6 6. Bg2 c6 7. Qb3 {[%emt 0:00:15] D11: Slav Defence: 3 Nf3 sidelines and 3...Nf6 4 e3 Bg4.} Qb6 8. c5 Qc7 9. Bf4 {[%emt 0:02:18] White has an edge.} Qc8 10. O-O Nbd7 11. h3 Be7 12. g4 Bh7 13. Qd1 h5 $146 (13... O-O 14. b4 Ne4 15. Nxe4 Bxe4 16. a4 f5 17. gxf5 Rxf5 18. Bg3 Qe8 19. Ra3 Qh5 {0-1 Merino Garcia,R (2407)-Basso,P (2508) Titled Tuesday intern op 18th Jul Early blitz 2023 (1)}) 14. g5 Ne4 15. Rc1 O-O 16. Nd2 (16. e3 $11) 16... e5 $15 (16... Bxg5 $6 17. Bxg5 Nxg5 18. f4 $14) 17. dxe5 Nxc3 (17... Nexc5 $6 18. b4 $14) (17... Bxg5 $6 18. Bxg5 Nxg5 19. f4 $14) 18. Rxc3 Nxc5 19. e4 {[%emt 0:12:19] Against Qf5} Nxe4 (19... Ne6 $5 20. Bg3 Bb4 (20... Bxg5 21. f4 $16) 21. exd5 Bxc3 (21... Nxg5 $2 22. Rc4 $18) 22. dxe6 Bxd2 (22... Bxb2 23. exf7+ Rxf7 24. Nc4 $16) 23. exf7+ Rxf7 24. Qxd2 Qe6 $15) 20. Nxe4 dxe4 21. Qxh5 Qe6 22. Rb3 b5 23. Re1 Rad8 24. Bg3 (24. Bxe4 $11 {remains equal.} Bg6 25. Qg4) 24... Rd4 $17 {[%emt 0:01:28] White is now going downhill.} 25. Rbe3 Bg6 26. Qg4 Qxg4 (26... Qxa2 27. h4 (27. Bxe4 Bc5 $15) 27... Qe6 (27... Qxb2 $2 28. h5 $18) 28. Bh3 $15) 27. hxg4 Bxg5 28. R3e2 Bd2 29. Rd1 Rfd8 $36 {[%emt 0:00:06][%mdl 2048] Keeping White busy.} 30. Kh2 (30. Ra1 $142) 30... c5 $19 31. f3 (31. Kh3 $142) 31... e3 32. Bh4 Bd3 (32... Bc2 33. Rde1 R8d5 34. Rxe3 $19) 33. Rexd2 exd2 (33... f6 34. Rxd3 Rxd3 35. Re1 $11 (35. Rxd3 $2 Rxd3 36. exf6 gxf6 $19)) 34. Rxd2 ({Don't go for} 34. Bxd8 $2 Be2 (34... Rxd8 35. Rxd2 Rd4 36. Kg1 $11)) 34... Bg6 35. Re2 (35. Rf2 {keeps fighting.} R8d5 36. Bg3) 35... Rd2 36. Re1 Rd1 37. Rxd1 (37. f4 $142) 37... Rxd1 {[%emt 0:00:06] Black is clearly winning.} 38. f4 Bb1 39. a3 Rd2 {[%emt 0:00:09][%cal Ob1e4] [#] And now ...Be4! would win.} 40. Kg3 Rxb2 41. f5 Ba2 {[%emt 0:30:31] Weighted Error Value: White=0.34/Black=0.13 (very precise)   Mistake:       	White=6     	---        Inaccurate:     	White=3     	Black=2      OK:         	White=10    	Black=20     Best:        	White=2     	Black=2} 0-1